 Dungeon Crawl Stone Soup version 0.31-a0-182-gc5ef74bbde (webtiles) character file.

Game seed: 8959710320735425605

63011 FuzzyBarbErik the Brawler (level 14, -3/127 HPs)
             Began as a Troll Berserker on June 18, 2023.
             Was a High Priest of Trog.
             Slain by a goliath frog (10 damage)
             ... on level 1 of the Swamp on June 21, 2023.
             The game lasted 00:44:45 (12865 turns).

FuzzyBarbErik the Brawler (Troll Berserker)        Turns: 12865, Time: 00:44:45

Health: -3/127     AC: 15    Str: 37    XL:     14   Next: 66%
Magic:  13/13      EV: 12    Int:  3    God:    Trog [*****.]
Gold:   1091       SH:  0    Dex:  9    Spells: 13/13 levels left

rFire   x .          .
                       - Unarmed
rCold   + . .        (no shield)
rNeg    . . .        I - +3 steam dragon scales of Unambiguity {Str+5}
rPois   .            y - +2 hat
rElec   .            z - +1 cloak
rCorr   .            (gloves unavailable)
SInv    .            (boots unavailable)
Will    +....        e - amulet of the acrobat
Stlth   ++           i - ring of ice
HPRegen 1.21/turn    v - +4 ring of protection
MPRegen 0.13/turn

%: acrobat
@: corroded, on berserk cooldown, slowed, very slow
A: large, unfitting armour, claws 3, regeneration 1, shaggy fur 1, tough skin 1
a: Renounce Religion, Berserk, Trog's Hand, Brothers in Arms


You were on level 1 of the Swamp.
You worshipped Trog.
Trog was extremely pleased with you.
You visited 5 branches of the dungeon, and saw 16 of its levels.
You also visited: Sewer and Ice Cave.

You collected 1091 gold pieces.

Inventory:

Hand Weapons
 b - the +2 giant spiked club "Boisiask" {speed, Stlth+}
   (You acquired it on level 3 of the Lair of Beasts)

   Stlth:     It makes you more stealthy.
 j - a +5 giant spiked club of freezing
 D - a +3 great mace of flaming
 P - a +1 demon whip of venom
Missiles
 f - 6 large rocks (quivered)
 t - 3 poisoned darts
 u - 7 boomerangs
 Q - a curare-tipped dart
 S - 6 javelins
Armour
 l - a +0 troll leather armour {Pargi}
 p - a +2 robe of cold resistance
 y - a +2 hat (worn)
 z - a +1 cloak (worn)
 C - a +1 kite shield of cold resistance
 I - the +3 steam dragon scales of Unambiguity (worn) {Str+5}
   (You found it on level 7 of the Dungeon)

   Str:       It affects your strength (+5).
 V - +0 ice dragon scales
Jewellery
 e - an amulet of the acrobat (around neck)
 g - a +5 ring of evasion
 i - a ring of ice (left claw)
 v - a +4 ring of protection (right claw)
 w - a ring of flight
 H - a ring of positive energy
 L - a +4 ring of protection
Wands
 q - a wand of mindburst (10)
 r - a wand of digging (6)
 x - a wand of roots (33)
 K - a wand of polymorph (12)
 N - a wand of light (11)
 T - a wand of charming (5)
Scrolls
 a - 4 scrolls of teleportation
 c - 2 scrolls of fog
 m - a scroll of revelation
 o - a scroll of butterflies
 s - 2 scrolls of immolation
 J - a scroll of brand weapon
 W - a scroll of identify
Potions
 d - 2 potions of lignification
 k - 6 potions of enlightenment
 n - 6 potions of heal wounds
 A - 2 potions of magic
 B - 2 potions of haste
 M - a potion of ambrosia
 O - a potion of cancellation
 R - 10 potions of curing
Miscellaneous
 E - a phantom mirror
 F - a piece from Xom's chessboard (15/15)
 G - a tin of tremorstones (2/2)


   Skills:
 * Level 5.2 Fighting
 * Level 6.5 Maces & Flails
 * Level 7.2 Throwing
 * Level 5.1 Armour
 * Level 10.3 Dodging
 + Level 2.0 Stealth
 * Level 18.9 Unarmed Combat
 + Level 0.6 Evocations


You had 13 spell levels left.
You didn't know any spells.
Your spell library contained the following spells:

 Spells                   Type           Power      Damage    Failure   Level
 Fireball                 Conj/Fire      0%         3d3       100%        5
 Freezing Cloud           Conj/Ice/Air   0%         6-21      100%        5
 Irradiate                Conj/Tmut      0%         3d11      100%        5
 Summon Forest            Summ/Tloc      0%         N/A       100%        5


Dungeon Overview and Level Annotations

Branches:
Dungeon (8/15)             Temple (1/1) D:4            Lair (5/5) D:8
  Swamp (1/4) Lair:3        Snake (0/4) Lair:2        Slime (1/5) Lair:4
  Sewer (visited)           IceCv (visited)

Altars:
Ashenzari
Cheibriados
Dithmenos
Elyvilon
Fedhas
Gozag
Hepliaklqana
Makhleb
Nemelex Xobeh
Okawaru
Qazlal
Ru
Trog
Uskayaw
Vehumet
Wu Jian
Xom
Yredelemnul
Zin
The Shining One


Innate Abilities, Weirdness & Mutations

You are too large for most types of armour.
You have claws for hands.
Your natural rate of healing is unusually fast.
You are covered in fur. (AC +1)
You have tough skin. (AC +1)


Message History

The spriggan rider hits you with a +0 spear!!
* * * LOW HITPOINT WARNING * * *
You eviscerate the spriggan rider!!!
The spriggan rider is severely wounded.
The spriggan rider hits you with a +0 spear!
* * * LOW HITPOINT WARNING * * *
You mangle the spriggan rider!!
You kill the spriggan rider!
Trog accepts your kill.
You kill the hornet!
Trog accepts your kill.
You kill the hornet!
Trog accepts your kill.
The spriggan falls from its now dead mount.
The goliath frog hits you from afar!
* * * LOW HITPOINT WARNING * * *
You are splashed with acid!
* * * LOW HITPOINT WARNING * * *
Your piece from Xom's chessboard (15/15) has regained one charge.
You barely miss the spriggan.
The spriggan is moderately wounded.
You claw the spriggan!
The spriggan is heavily wounded.
The goliath frog hits you from afar!
* * * LOW HITPOINT WARNING * * *
You are splashed with acid!
* * * LOW HITPOINT WARNING * * *
You are too berserk!
The spriggan splashes around in the water.
You feel a strong urge to attack something.
The spriggan splashes around in the water.
You are no longer berserk.
You are exhausted.
You feel yourself slow down. The goliath frog barely misses you.
You see here a +0 orcbow.
As you read the scroll of fear, it crumbles to dust.
You assume a fearsome visage.
The spriggan looks frightened!
The goliath frog resists with almost no effort.
The goliath frog hits you from afar!
You die...

♣♣~~~~~~§~..♣♣§...♣
♣♣.~~~~~~~.†...§♣
♣.~..÷~~)..~~.♣♣ ♣♣..<....♣♣~~~♣
♣ ♣♣♣.~♣♣♣♣^..♣♣ ~♣ ♣♣♣♣ ♣.~~~♣
.>♣ ♣♣~~~.♣♣ ~.~ ♣♣♣~~~~~.♣..
~~.♣ ♣~..@.~~~§♣ §~..♣♣
♣.F~~~~~..♣ .....♣♣♣
♣)†~~~~..~♣♣♣♣ ♣♣♣ ♣♣§.~♣
♣♣♣i~~~~....§~~.♣♣.~♣♣
♣..>♣♣♣♣♣(.(~~~......~§......♣♣
~♣♣.~~..(F..~~~~~.♣♣~.~~~~~~~~~.♣
...~§~....♣..~~~.~♣♣~(~~~~~~~~~~♣
~..~~~............~♣♣..~~~~~~~~.♣
~)..~~..~~.♣.....~~....~~~~~....♣


You could see a goliath frog and a spriggan (fleeing, very poisoned).

Vanquished Creatures
  A thorn hunter (Swamp:1)
  Donald (Swamp:1)
  An eleionoma (Swamp:1)
  Fannar (Lair:3)
  A ghost crab (Swamp:1)
  4 hydras
  2 two-headed ogres (D:7)
  2 ironbound frosthearts (IceCv)
  An alligator (Swamp:1)
  A boulder beetle (D:7)
  8 death yaks
  Amaemon (Lair:3)
  2 spriggans (Swamp:1)
  A fire crab (Lair:4)
  2 skysharks
  4 goliath frogs (Swamp:1)
  A swamp dragon (Swamp:1)
  A lindwurm (Lair:2)
  An ugly thing (D:7)
  23 elephants
  Joseph (D:7)
  An orange demon (Lair:3)
  4 black mambas
  An ice statue (IceCv)
  18 cane toads
  An unseen horror (D:7)
  2 rime drakes
  9 komodo dragons
  4 tyrant leeches
  13 polar bears
  3 hornets (Swamp:1)
  A troll (D:8)
  Grinder (D:3)
  27 blink frogs
  3 slime creatures
  32 yaks
  2 wraiths (D:7)
  2 basilisks
  Eustachio (D:6)
  A steam dragon (D:7)
  8 vampire mosquitoes
  Menkaure (D:5)
  A naga (Lair:2)
  3 swamp worms (Swamp:1)
  7 water moccasins
  A sky beast (D:7)
  3 black bears
  Pargi (Sewer)
  4 ogres
  21 wolves
  4 centaurs
  A kobold brigand (D:4)
  Blork the orc (D:6)
  10 bullfrogs
  A gnoll sergeant (D:7)
  A scorpion (D:7)
  5 wights
  A killer bee (D:7)
  7 electric eels
  A howler monkey (D:8)
  3 jellies
  2 orc priests
  15 hounds
  2 gnoll boudas (D:7)
  4 iguanas
  Ijyb (D:5)
  6 orc wizards
  14 gnolls
  6 adders
  A shadow imp (D:7)
  3 white imps (D:7)
  An ufetubus (D:6)
  3 worms
  A dart slug (D:1)
  16 orcs
  5 endoplasms
  2 giant cockroaches (D:1)
  4 goblins
  7 hobgoblins
  4 jackals (D:5)
  8 kobolds
  3 quokkas
  11 ball pythons
  4 bats
  8 frilled lizards
  10 rats
412 creatures vanquished.

Vanquished Creatures (collateral kills)
  A hydra (Lair:2)
1 creature vanquished.

Vanquished Creatures (others)
  A wolf (IceCv)
1 creature vanquished.

Grand Total: 414 creatures vanquished

Notes
Turn   | Place    | Note
-------+----------+-------------------------------------------
     0 | D:1      | FuzzyBarbErik the Troll Berserker began the quest for the
                  | Orb.
     0 | D:1      | Reached XP level 1. HP: 22/22 MP: 0/0
   198 | D:1      | Reached XP level 2. HP: 29/29 MP: 1/1
   444 | D:1      | Reached ** piety under Trog
   570 | D:2      | Reached XP level 3. HP: 33/36 MP: 2/2
   869 | D:3      | Reached XP level 4. HP: 40/41 MP: 3/3
   939 | D:3      | Found a glowing drain.
   953 | D:3      | Reached skill level 4 in Unarmed Combat
   957 | Sewer    | Entered a sewer
   995 | Sewer    | Noticed Pargi
  1001 | Sewer    | Killed Pargi
  1002 | Sewer    | Reached XP level 5. HP: 52/52 MP: 4/4
  1409 | D:3      | Found a sacrificial altar of Ru.
  1414 | D:3      | Noticed Grinder
  1418 | D:3      | Paralysed by Grinder for 5 turns
  1450 | D:3      | Killed Grinder
  1451 | D:3      | Reached skill level 5 in Unarmed Combat
  1451 | D:3      | Reached XP level 6. HP: 59/59 MP: 5/5
  1484 | D:3      | Found a shadowy altar of Dithmenos.
  1648 | D:3      | Found a glowing silver altar of Zin.
  1648 | D:3      | Found a glowing golden altar of the Shining One.
  1649 | D:3      | Found a white marble altar of Elyvilon.
  1963 | D:4      | Found a staircase to the Ecumenical Temple.
  1971 | Temple   | Entered the Ecumenical Temple
  2204 | D:4      | Reached skill level 1 in Armour
  2238 | D:4      | Reached skill level 6 in Unarmed Combat
  2374 | D:4      | Upgraded the game from 0.31-a0-175-g9f7f995f2b to
                  | 0.31-a0-182-gc5ef74bbde
  2382 | D:4      | Reached XP level 7. HP: 66/66 MP: 6/6
  2586 | D:4      | Reached *** piety under Trog
  2864 | D:5      | Entered Level 5 of the Dungeon
  2923 | D:5      | Reached skill level 7 in Unarmed Combat
  2936 | D:5      | Noticed Ijyb
  2963 | D:5      | Reached skill level 1 in Throwing
  2963 | D:5      | Reached XP level 8. HP: 74/74 MP: 7/7
  2982 | D:5      | Killed Ijyb
  2983 | D:5      | Reached skill level 8 in Unarmed Combat
  3278 | D:5      | Noticed Menkaure
  3286 | D:5      | Killed Menkaure
  3434 | D:6      | Reached skill level 9 in Unarmed Combat
  3438 | D:6      | Noticed Eustachio
  3496 | D:6      | Killed Eustachio
  3497 | D:6      | Reached skill level 5 in Dodging
  3593 | D:6      | Found a shimmering altar of Xom.
  3593 | D:6      | Found a blossoming altar of Fedhas.
  3613 | D:6      | Noticed Blork the orc
  3618 | D:6      | Killed Blork the orc
  3618 | D:6      | Reached **** piety under Trog
  3619 | D:6      | Reached XP level 9. HP: 81/81 MP: 8/8
  3783 | D:6      | Identified the +2 hand axe "Gakkuacekk" {drain, Drain rElec
                  | Will+++ Int-4}
  4021 | D:7      | Reached skill level 10 in Unarmed Combat
  4037 | D:7      | Reached skill level 1 in Stealth
  4313 | D:7      | Reached skill level 11 in Unarmed Combat
  4378 | D:7      | Noticed a two-headed ogre
  4378 | D:7      | Noticed a komodo dragon
  4393 | D:7      | Killed an unseen horror
  4398 | D:7      | Killed a komodo dragon
  4399 | D:7      | Reached XP level 10. HP: 65/91 MP: 9/9
  4402 | D:7      | Killed a two-headed ogre
  4462 | D:7      | Noticed a two-headed ogre
  4467 | D:7      | Noticed a red ugly thing
  4478 | D:7      | Killed a red ugly thing
  4479 | D:7      | Reached skill level 12 in Unarmed Combat
  4482 | D:7      | Killed a two-headed ogre
  4493 | D:7      | Noticed a boulder beetle
  4509 | D:7      | Killed a boulder beetle
  4510 | D:7      | Reached skill level 13 in Unarmed Combat
  4542 | D:7      | Identified the +3 steam dragon scales of Unambiguity
                  | {Str+5}
  4747 | D:7      | Noticed Joseph
  4755 | D:7      | Killed Joseph
  5129 | D:8      | Found an opulent altar of Gozag.
  5345 | D:8      | Reached ***** piety under Trog
  5351 | D:8      | Reached XP level 11. HP: 98/98 MP: 10/10
  5382 | D:8      | Received a gift from Trog
  5406 | D:8      | Found a hazy altar of Hepliaklqana.
  5456 | D:8      | Found a snail-covered altar of Cheibriados.
  5570 | D:8      | Found a staircase to the Lair.
  5643 | D:8      | Found a sparkling altar of Nemelex Xobeh.
  5892 | Lair:1   | Entered Level 1 of the Lair of Beasts
  5919 | Lair:1   | Reached skill level 14 in Unarmed Combat
  6541 | Lair:1   | Reached skill level 1 in Maces & Flails
  6606 | Lair:2   | Reached skill level 5 in Throwing
  6629 | Lair:2   | Noticed a lindwurm
  6685 | Lair:2   | Killed a lindwurm
  6686 | Lair:2   | Reached skill level 15 in Unarmed Combat
  6814 | Lair:2   | Found a staircase to the Snake Pit.
  6889 | Lair:2   | Noticed a five-headed hydra
  6909 | Lair:2   | Killed a five-headed hydra
  6910 | Lair:2   | Reached XP level 12. HP: 107/107 MP: 11/11
  7684 | Lair:3   | Noticed Amaemon
  7724 | Lair:3   | Killed Amaemon
  7774 | Lair:3   | Reached skill level 16 in Unarmed Combat
  7790 | Lair:3   | Noticed Fannar
  7806 | Lair:3   | Killed Fannar
  7823 | Lair:3   | Noticed a four-headed hydra
  7829 | Lair:3   | Killed a four-headed hydra
  7950 | Lair:3   | Found a frozen archway.
  7975 | IceCv    | Entered an ice cave
  8227 | IceCv    | Received a gift from Trog
  8235 | IceCv    | Reached XP level 13. HP: 109/114 MP: 12/12
  8493 | IceCv    | Reached skill level 17 in Unarmed Combat
  8726 | IceCv    | Got Fysahev's Experienced Mysticism
  9040 | Lair:3   | Found a staircase to the Swamp.
  9361 | Lair:3   | Identified a scroll of acquirement
  9362 | Lair:3   | Acquired the +2 giant spiked club "Boisiask" {speed,
                  | Stlth+}
  9666 | Swamp:1  | Entered Level 1 of the Swamp
  9717 | Swamp:1  | Noticed Donald
 10061 | Lair:4   | Reached skill level 5 in Maces & Flails
 10301 | Lair:4   | Found a staircase to the Slime Pits.
 10668 | Lair:5   | Entered Level 5 of the Lair of Beasts
 10671 | Lair:5   | Found a hide-covered altar of Uskayaw.
 10821 | Lair:5   | Reached skill level 18 in Unarmed Combat
 11060 | Lair:5   | Reached XP level 14. HP: 65/124 MP: 13/13
 11242 | Lair:5   | Received a gift from Trog
 11745 | Lair:5   | Reached skill level 10 in Dodging
 11998 | Lair:5   | Found the ring of the Mage {Wiz Archmagi}
 12300 | Slime:1  | Entered Level 1 of the Pits of Slime
 12320 | Slime:1  | Noticed an acid blob
 12322 | Slime:1  | Noticed a rockslime
 12534 | Swamp:1  | Killed Donald
 12538 | Swamp:1  | Reached skill level 5 in Fighting
 12552 | Swamp:1  | HP: 2/127 [swamp worm (17)]
 12563 | Swamp:1  | HP: 1/127 [swamp worm/harpoon shot (12)]
 12675 | Swamp:1  | Reached skill level 5 in Armour
 12749 | Swamp:1  | Noticed a thorn hunter
 12766 | Swamp:1  | Killed a thorn hunter
 12861 | Swamp:1  | HP: 5/190 [acid (8)]
 12865 | Swamp:1  | Slain by a goliath frog

Illustrated notes

Levels and vault maps discovered:
D:1:      sevenhm_arrival_forest_fort_small_4, layout_basic, minmay_tripent
D:2:      layout_basic, minmay_misc_feat_diagonals
D:3:      layout_basic, good_gods_temple_1, grunt_dithmenos_smoke,
          general_overflow_altar, portal_sewer_entry_b, uniq_grinder
D:4:      layout_loops_corners, minmay_temple_entry_mist
D:5:      layout_rooms, uniq_ijyb, uniq_menkaure
D:6:      layout_rooms, grunt_temple_overflow_open,
          hangedman_abyss_or_decor_jellyfish_corner, uniq_eustachio,
          uniq_blork_the_orc
D:7:      minmay_the_grid_octo_tiled_octocenter [minmay_the_grid_octo_focus,
          minmay_the_grid_octo_horde, minmay_the_grid_octo_empty,
          minmay_the_grid_octo_teeth, minmay_the_grid_octo_prize_star,
          minmay_the_grid_square_5x5_two_small,
          minmay_the_grid_square_5x5_trominoes,
          minmay_the_grid_square_5x5_spiral,
          minmay_the_grid_square_5x5_minimal], layout_gridville, uniq_joseph
D:8:      layout_loops_cross, mainiacjoe_overflow_alcove_4,
          mainiacjoe_overflow_chevrons, amcnicky_altar_gilded,
          nemelex_spade_bored_becter, erik_lair_island
Temple:   grunt_temple_mini_profane
Lair:1:   layout_regular_city
Lair:2:   layout_layer_cave, guppyfry_snake_entry_island, grunt_megastairs_5,
          infiniplex_staircase_pool
Lair:3:   layout_regular_city, swamp_mist, portal_ice_cave_entry_pillars_1,
          hibernation_bobbens, uniq_fannar, uniq_amaemon
Lair:4:   layout_cave_pods, slime_entry_1, infiniplex_staircase_pool_2
Lair:5:   minmay_lair_end_frog_pond, layout_gridlike, serial_forest,
          infiniplex_forest_clump_medium, infiniplex_forest_lined_room_,
          infiniplex_forest_clump_tiny, infiniplex_forest_diagonal,
          infiniplex_forest_clump_double, infiniplex_forest_clump_curved,
          infiniplex_forest_clump_C, infiniplex_forest_corner_1,
          infiniplex_forest_lined_corner, infiniplex_forest_straight_2,
          basic_altar, guppyfry_lair_drakes, serial_bayou_shore_b,
          lemuel_fruit_tree
Swamp:1:  layout_basic_swamp, hangedman_swamp_ruin_wall, uniq_donald
Slime:1:  layout_caves

Skill      XL: |  1  2  3  4  5  6  7  8  9 10 11 12 13 14 |
---------------+-------------------------------------------+-----
Dodging        | 3 4 5 6 7 8 9 10 | 10.3
Unarmed Combat | 4 5 6 7 9 11 13 15 16 18 | 18.9
Armour         | 1 2 3 4 5 |  5.1
Throwing       | 1 2 3 4 5 6 7 |  7.2
Fighting       | 3 4 5 |  5.2
Stealth        | 1 2 |  2.0
Maces & Flails | 2 4 5 6 |  6.5
Evocations     | |  0.6

Action                     |  1- 3 |  4- 6 |  7- 9 | 10-12 | 13-15 || total
---------------------------+-------+-------+-------+-------+-------++-------
  Melee: Unarmed           |   101 |    91 |   286 |   422 |   476 ||  1376
         Punch             |       |     1 |    16 |    29 |    43 ||    89
         Giant spiked club |       |       |       |     2 |    45 ||    47
  Throw: Dart              |       |       |       |     7 |     6 ||    13
 Invoke: Berserk           |       |     3 |     4 |     5 |     6 ||    18
         Trog's Hand       |       |     1 |     1 |       |       ||     2
  Evoke: Wand              |       |       |       |     3 |     4 ||     7
         Phantom mirror    |       |       |       |     1 |     2 ||     3
         Piece from Xom's  |       |       |       |       |     1 ||     1
    Use: Scroll            |       |     5 |     4 |    12 |    19 ||    40
         Potion            |       |       |     1 |     2 |     4 ||     7
   Stab: Sleeping          |     1 |       |       |     2 |     2 ||     5
         Invisible         |       |       |       |       |     4 ||     4
 Armour: Animal skin       |    26 |     6 |       |       |       ||    32
         Troll leather arm |       |    21 |   132 |     7 |       ||   160
         Steam dragon scal |       |       |       |   105 |   188 ||   293
         Robe              |       |       |       |    39 |    26 ||    65
  Dodge: Dodged            |    49 |    58 |   373 |   330 |   322 ||  1132

Table legend: (Time is in decaauts)
 A = Elapsed time spent in this place.
 B = Non-inter-level travel time spent in this place.
 C = Inter-level travel time spent in this place.
 D = Time resting spent in this place.
 E = Time spent auto-exploring this place.
 F = Levels seen in this place.
 G = Mean time per level.
                   A        B        C        D        E       F      G
               +--------+--------+--------+--------+--------+-----+--------+
         Total |  12680 |  11767 |    913 |    558 |   7406 |  18 |  704.4 |
       Dungeon |   5522 |   5010 |    512 |     12 |   3530 |   8 |  690.2 |
        Temple |    213 |    176 |     37 |      0 |    169 |   1 |  213.0 |
          Lair |   5372 |   5008 |    364 |    280 |   3366 |   5 | 1074.4 |
         Swamp |    396 |    396 |      0 |    162 |      2 |   1 |  396.0 |
    Slime Pits |     22 |     22 |      0 |      0 |      0 |   1 |   22.0 |
         Sewer |    147 |    147 |      0 |      0 |     55 |   1 |  147.0 |
      Ice Cave |   1005 |   1005 |      0 |    103 |    284 |   1 | 1005.0 |
               +--------+--------+--------+--------+--------+-----+--------+

Top non-repeatable levels by time:
  Lair:5: 1535 daAuts
     D:7: 1245 daAuts
  Lair:3: 1183 daAuts
   IceCv: 1005 daAuts
  Lair:2: 962 daAuts
  Lair:4: 941 daAuts
     D:4: 888 daAuts
     D:3: 845 daAuts
     D:8: 752 daAuts
  Lair:1: 748 daAuts
     D:5: 533 daAuts
     D:6: 477 daAuts
     D:1: 473 daAuts
 Swamp:1: 396 daAuts
     D:2: 306 daAuts
